 Dungeon Crawl Stone Soup version 0.22-a0-445-g8c8ef71 (webtiles) character file.

72014 shitimlost the Tortoise (level 15, -7/138 HPs)
             Began as a Hill Orc Monk on June 2, 2018.
             Was a High Priest of Beogh.
             Killed by divine providence
             ... invoked by an orc priest
              (15 damage)
             ... on level 2 of the Orcish Mines.
             The game lasted 01:19:20 (38887 turns).

shitimlost the Tortoise (Hill Orc Monk)            Turns: 38887, Time: 01:19:21

Health: -7/138     AC: 20    Str: 23      XL:     15   Next: 38%
Magic:  25/25      EV:  9    Int:  1 (10) God:    Beogh [*****.]
Gold:   2997       SH: 15    Dex: 17      Spells: 14/14 levels left

rFire    + + .     SeeInvis +   x - +4 war axe (freeze)
rCold    x . .     Gourm    .   z - +0 shield
rNeg     + . .     Faith    .   G - +6 scale mail "Aniapoh" {rF++ rC- rCorr SInv}
rPois    .         Spirit   .   (no helmet)
rElec    .         Reflect  +   (no cloak)
rCorr    +         Harm     .   (no gloves)
MR       +....                  X - +2 pair of boots
Stlth    +.........             a - amulet of Hukkepp {Reflect +Blink rN+ Dex+4 SH+5}
HPRegen  0.33/turn              e - +3 ring of slaying
MPRegen  0.19/turn              D - +3 ring of slaying

@: hasted and slowed, lost intelligence
A: walk on water, hooves 1, strong 1
a: Smiting, Recall Orcish Followers, Give Item to Named Follower, Renounce
Religion, Evoke Blink


You were on level 2 of the Orcish Mines.
You worshipped Beogh.
Beogh was extremely pleased with you.
You were hungry.

You visited 3 branches of the dungeon, and saw 23 of its levels.
You also visited: Bailey.

You collected 3150 gold pieces.
You spent 153 gold pieces at shops.

Inventory:

Hand Weapons
 x - a +4 war axe of freezing (weapon)
 y - a +1 trident of protection
 E - a +0 glaive
 L - a +1 bardiche
 M - a +3 halberd
 Q - a +1 halberd of flaming
Missiles
 d - 38 tomahawks of returning
 k - 265 stones
 s - 10 javelins of penetration (quivered)
 A - 161 sling bullets
 H - 29 tomahawks
Armour
 w - a +5 scale mail
 z - a +0 shield (worn)
 C - a +2 chain mail of positive energy
 G - the +6 scale mail "Aniapoh" (worn) {rF++ rC- rCorr SInv}
   (You took it off an orc warrior on level 6 of the Dungeon)

   It greatly protects you from fire.
   It makes you vulnerable to cold.
   It lets you see invisible.
   It protects you from acid and corrosion.
 I - a +0 helmet
 X - a +2 pair of boots (worn)
Jewellery
 a - the amulet of Hukkepp (around neck) {Reflect +Blink rN+ Dex+4 SH+5}
   (You found it on level 12 of the Dungeon)

   [amulet of reflection]

   It shields you and reflects attacks.
   It affects your dexterity (+4).
   It protects you from negative energy.
   It lets you blink.
   It affects your SH (+5).
 e - a +3 ring of slaying (left hand)
 u - an uncursed ring of resist corrosion
 D - a +3 ring of slaying (right hand)
 N - an uncursed ring of poison resistance
 V - an uncursed ring of positive energy
Wands
 b - a wand of flame (30)
 n - a wand of digging (14)
 F - a wand of iceblast (7)
 U - a wand of scattershot (12)
 Y - a wand of enslavement (12)
Scrolls
 c - 2 scrolls of fear
 f - 10 scrolls of remove curse
 h - 6 scrolls of teleportation
 i - 5 scrolls of magic mapping
 r - 9 scrolls of identify
 B - 3 scrolls of fog
 J - 4 scrolls of enchant weapon
 K - 5 scrolls of enchant armour
 T - a scroll of holy word
Potions
 j - 4 potions of lignification
 l - 8 potions of flight
 m - a potion of resistance
 o - a potion of agility
 p - 8 potions of curing
 t - a potion of cancellation
 v - a potion of ambrosia
 O - 4 potions of might
 W - 5 potions of heal wounds
Comestibles
 g - 15 rations


   Skills:
 + Level 14.1 Fighting
 + Level 15.1 Axes
 - Level 6.6 Throwing
 * Level 17.1 Armour
 - Level 2.6 Dodging
 - Level 2.0 Stealth
 + Level 3.2 Shields
 + Level 13.3 Invocations


You had 14 spell levels left.
You didn't know any spells.
Your spell library contained the following spells:

 Spells                   Type           Power        Failure   Level  Hunger
 Fireball                 Conj/Fire      #.........   100%        5    ######.
 Apportation              Tloc           #.....       99%         1    ##.....
 Conjure Flame            Conj/Fire      #.......     100%        3    ####...
 Lightning Bolt           Conj/Air       #.........   100%        5    ######.
 Throw Flame              Conj/Fire      #.....       100%        2    ###....
 Throw Frost              Conj/Ice       #.....       100%        2    ###....
 Summon Small Mammal      Summ           #...         99%         1    ##.....
 Animate Skeleton         Necr           N/A          99%         1    ##.....
 Freeze                   Ice            #...         99%         1    ##.....
 Sticky Flame             Conj/Fire      #.......     100%        4    #####..
 Summon Ice Beast         Ice/Summ       #.......     100%        4    #####..
 Ozocubu's Armour         Chrm/Ice       #.......     100%        3    ####...
 Sting                    Conj/Pois      #...         99%         1    ##.....
 Shock                    Conj/Air       #...         99%         1    ##.....
 Swiftness                Chrm/Air       #.......     100%        2    ###....
 Recall                   Summ/Tloc      N/A          100%        3    ####...
 Throw Icicle             Conj/Ice       #.......     100%        4    #####..
 Airstrike                Air            #.........   100%        4    #####..
 Confusing Touch          Hex            #.....       99%         1    ##.....
 Flame Tongue             Conj/Fire      #....        99%         1    ##.....
 Static Discharge         Conj/Air       #.......     100%        3    ####...
 Inner Flame              Hex/Fire       #.......     100%        3    ####...
 Summon Forest            Summ/Tloc      #.........   100%        5    ######.
 Summon Lightning Spire   Summ/Air       #.......     100%        4    #####..
 Spellforged Servitor     Conj/Summ      #.........   100%        7    #######


Dungeon Overview and Level Annotations

Branches:
Dungeon (15/15)            Temple (0/1) D:5            Lair (6/6) D:10
 Shoals (0/4) Lair:4       Spider (0/4) Lair:3        Slime (0/5) Lair:6
    Orc (2/2) D:9             Elf (0/3) Orc:2        Vaults (0/5) D:13
 Depths (0/5) D:15

Altars:
Ashenzari
Cheibriados
Dithmenos
Elyvilon
Gozag
Kikubaaqudgha
Makhleb
Nemelex Xobeh
Ru
Sif Muna
Trog
Vehumet
Xom
Yredelemnul
The Shining One
Jiyva

Shops:
D:5 *   D:8 ?   D:9 =   Orc:1 (

Portals:
Trove: D:10 (give 20 scrolls of identify)

Annotations:
Lair:3 exclusion: oklob plant
Lair:4 2 transporters
Orc:2 exclusion: 2 orange crystal statues


Innate Abilities, Weirdness & Mutations

You can walk on water.
You have large cloven feet.
Your muscles are strong. (Str +2)


Message History

The orc warrior relaxes its fighting stance and smiles at you.
It says, "I'm so glad you are here now."
The rust devil hits your orc warrior.
The rust devil corrodes your orc warrior!
Something closely misses your orc warrior.
The orc high priest utters an invocation to Beogh.
The orc priest calls down the wrath of Beogh upon you.
Beogh smites you!
* * * LOW HITPOINT WARNING * * *
The neqoxec gestures at you.
Something tries to feed on your intellect!
Your orc warrior hits something with a scimitar!!
The orc warrior hits your orc warrior with a dire flail!!
Your orc warrior dies!
The orc knight hits you with a battleaxe!
* * * LOW HITPOINT WARNING * * *
The orc priest mumbles some strange prayers to Beogh against you.
Beogh smites you!
You die...
Beogh appreciates the orc priest's killing of a heretic priest.

#....# ###### #######
###.....### #.
###.........### ...
#.............## ...
.).............### o.
)#)#.#.#.#.#.#.#)#o#4#.#
))))[...........@oooo3..
..).)).........#o#34oo.)
...............)oo§4))4.
.#.#.#.#.#.#.#.#.#o#)#.#
...............###4..4..
#.............## .....
###.........### ##...
###.....### ## ######


You could see 3 orc knights, a soul eater, 3 orc high priests, an ice devil, 3
rust devils, a neqoxec, 2 red devils, 4 orc warriors and 2 orc priests.

Vanquished Creatures
  The ghost of rywalker the Fighter, a journeyman OgTm of Okawaru (Lair:4)
  Azrael (D:13)
  Snorg (D:10)
  6 vault guards (D:13)
  A fire dragon (D:15)
  2 hydras (Lair:6)
  A catoblepas (Lair:6)
  3 centaur warriors
  2 two-headed ogres
  2 tengu warriors
  2 skeletal warriors (D:15)
  2 unseen horrors
  2 orange crystal statues (Orc:2)
  5 orc knights
  6 ugly things (D:14)
  A manticore (Lair:6)
  A cyclops (D:10)
  3 slime creatures
  5 elephants
  6 black mambas
  2 centaur skeletons
  4 kobold demonologists (D:15)
  2 rime drakes
  6 spiny frogs
  3 komodo dragons
  An efreet (D:15)
  3 trolls
  A tengu conjurer (D:11)
  A polar bear (Lair:2)
  Prince Ribbit (D:9)
  3 dream sheep (Lair:6)
  5 blink frogs (Lair:3)
  6 hippogriffs
  A vampire (D:10)
  A shadow (D:12)
  A wraith (D:14)
  4 hogs (D:10)
  3 wyverns
  Eustachio (D:6)
  A fire elemental (D:13)
  31 yaks
  5 basilisks
  A human (D:10)
  2 vampire mosquitoes (D:15)
  A steam dragon (D:10)
  4 hungry ghosts
  A warg (Orc:1)
  An acid dragon (D:15)
  13 water moccasins
  6 porcupines
  18 orc warriors
  3 sky beasts
  4 ice beasts
  A black bear (D:10)
  2 phantoms
  A necrophage (D:10)
  9 ogres
  4 wolves
  6 centaurs
  12 crocodiles
  13 bullfrogs
  Blork the orc (D:6)
  3 big kobolds (D:15)
  An earth elemental (D:12)
  5 scorpions
  5 killer bees (D:7)
  2 troll zombies (D:9)
  5 wights (D:8)
  6 howler monkeys
  4 vampire bats (D:10)
  3 crimson imps
  A bullfrog zombie (D:6)
  2 jellies
  3 orc priests
  4 hounds
  2 quasits (D:7)
  13 orc wizards
  5 iguanas
  2 bullfrog skeletons (D:10)
  10 worker ants
  3 ogre zombies (D:9)
  A hound zombie (D:5)
  2 hound skeletons
  14 gnolls
  A worker ant zombie (D:10)
  11 adders
  7 shadow imps
  2 oozes (D:3)
  2 adder skeletons
  3 worms (D:3)
  6 leopard geckos
  28 orcs
  8 bats
  8 giant cockroaches
  10 hobgoblins
  9 jackals
  28 kobolds
  4 quokkas
  4 ball pythons
  7 frilled lizards
  11 goblins
  4 goblin zombies (D:9)
  A hobgoblin skeleton (D:9)
  2 hobgoblin zombies (D:9)
  3 orc skeletons (D:9)
  15 orc zombies (D:9)
  A quokka zombie (D:5)
  9 rats
  3 fungi
525 creatures vanquished.

Vanquished Creatures (collateral kills)
  A fire dragon (D:15)
  2 vault guards (D:13)
  A hydra (Lair:6)
  A catoblepas (Lair:6)
  2 two-headed ogres
  A tengu warrior (D:11)
  2 orc high priests
  2 skeletal warriors (D:15)
  An unseen horror (D:12)
  A lindwurm (Lair:6)
  A deep elf mage (D:14)
  3 orc knights (Orc:2)
  An orb spider (shapeshifter) (D:15)
  3 slime creatures
  2 cyclopes (D:12)
  An ugly thing (D:14)
  A salamander (shapeshifter) (D:14)
  3 manticores
  4 elephants
  A black mamba (Lair:6)
  2 gargoyles
  4 spiny frogs
  A rime drake (Lair:6)
  6 komodo dragons
  3 trolls
  A polar bear (Lair:6)
  10 blink frogs
  4 dream sheep (Lair:6)
  3 hippogriffs
  3 fire elementals
  3 wyverns
  11 yaks
  Grum (D:8)
  A hungry ghost (D:13)
  A vampire mosquito (D:15)
  A hell hound (D:13)
  4 water moccasins
  A porcupine (Lair:1)
  A sky beast (D:14)
  8 orc warriors
  An ice beast (D:15)
  A black bear (D:12)
  2 ogres
  A phantom (D:10)
  8 centaurs
  5 crocodiles
  2 big kobolds
  3 bullfrogs
  A jelly (D:10)
  A killer bee (D:10)
  3 troll zombies
  4 howler monkeys
  4 orc priests (Orc:2)
  A bullfrog skeleton (D:12)
  2 orc wizards
  2 worker ants
  2 adders
  12 orcs
  A quokka (D:12)
  6 kobolds
  11 fungi
  8 plants
184 creatures vanquished.

Vanquished Creatures (others)
  An orc high priest (Orc:2)
  6 orc knights
  14 orc warriors
  An air elemental (D:12)
  A water elemental (D:12)
  17 orc priests
  8 orc wizards
  36 orcs
  2 frilled lizards (D:4)
  8 fungi
94 creatures vanquished.

Grand Total: 803 creatures vanquished

Notes
Turn   | Place    | Note
-------+----------+-------------------------------------------
     0 | D:1      | shitimlost the Hill Orc Monk began the quest for the Orb.
     0 | D:1      | Reached XP level 1. HP: 19/19 MP: 1/1
   114 | D:1      | Reached XP level 2. HP: 23/27 MP: 2/2
  1285 | D:1      | Reached XP level 3. HP: 33/33 MP: 3/3
  1570 | D:2      | Reached skill level 1 in Armour
  1852 | D:2      | Reached XP level 4. HP: 40/40 MP: 4/4
  1860 | D:2      | Found a shattered altar of Ashenzari.
  1865 | D:2      | Saw a vision of the Shoals and the Spider Nest.
  1865 | D:2      | Noticed a centaur
  1865 | D:2      | Noticed a merfolk
  1865 | D:2      | Noticed a merfolk
  1865 | D:2      | Noticed a merfolk
  1865 | D:2      | Noticed a redback
  1865 | D:2      | Noticed a wolf spider
  1865 | D:2      | Noticed a merfolk
  1865 | D:2      | Noticed a merfolk
  1867 | D:2      | Noticed a merfolk
  1870 | D:2      | Noticed a hornet
  2201 | D:2      | Found a burning altar of Makhleb.
  2201 | D:2      | Noticed a balrug
  2583 | D:3      | Reached skill level 2 in Armour
  2992 | D:3      | Found a faded altar of an unknown god.
  3145 | D:3      | Reached skill level 5 in Axes
  3190 | D:3      | Reached XP level 5. HP: 22/47 MP: 5/5
  3995 | D:3      | Reached skill level 3 in Armour
  4514 | D:3      | HP: 2/47 [gnoll/spear (4)]
  5116 | D:4      | Reached skill level 5 in Fighting
  5158 | D:4      | Found an opulent altar of Gozag.
  5172 | D:4      | Noticed a phantom
  5235 | D:4      | Reached XP level 6. HP: 42/56 MP: 6/6
  5280 | D:4      | Killed a phantom
  5280 | D:4      | Reached skill level 4 in Armour
  5663 | D:4      | Became a worshipper of Beogh the Brigand
  5663 | D:4      | Reached * piety under Beogh
  5663 | D:4      | Reached ** piety under Beogh
  6386 | D:4      | Found a bloodstained altar of Trog.
  6405 | D:5      | Entered Level 5 of the Dungeon
  6435 | D:5      | Found a staircase to the Ecumenical Temple.
  6615 | D:5      | Reached XP level 7. HP: 61/61 MP: 7/7
  6762 | D:5      | Reached skill level 5 in Armour
  7230 | D:5      | Found Ulesh's General Store.
  7234 | D:5      | Bought a scroll of teleportation for 30 gold pieces
  7624 | D:6      | Found a glowing golden altar of the Shining One.
  7632 | D:6      | Found a snail-covered altar of Cheibriados.
  7655 | D:6      | Noticed Blork the orc
  7675 | D:6      | Killed Blork the orc
  7675 | D:6      | Reached skill level 6 in Armour
  7683 | D:6      | Reached XP level 8. HP: 71/71 MP: 5/8
  8056 | D:6      | Noticed Eustachio
  8066 | D:6      | Killed Eustachio
  8066 | D:6      | Reached skill level 7 in Armour
  8818 | D:6      | Got a scorched scale mail
  8829 | D:6      | Identified the +6 scale mail "Aniapoh" {rF++ rC- rCorr SInv} (You took it off an orc warrior on level 6 of the Dungeon)
  9427 | D:7      | Found a basalt altar of Yredelemnul.
  9458 | D:7      | Reached skill level 8 in Armour
  9621 | D:7      | Found a flagged portal.
  9629 | D:7      | Reached XP level 9. HP: 79/79 MP: 9/9
  9662 | Bailey   | Entered a bailey
  9672 | Bailey   | Reached *** piety under Beogh
  9698 | Bailey   | Noticed an orc knight
  9906 | Bailey   | Reached skill level 1 in Invocations
  9950 | Bailey   | Killed an orc knight
  9950 | Bailey   | Reached skill level 9 in Armour
 10783 | D:7      | Found a sparkling altar of Nemelex Xobeh.
 10805 | D:7      | Found a deep blue altar of Sif Muna.
 10805 | D:7      | Found an ancient bone altar of Kikubaaqudgha.
 10806 | D:7      | Found a radiant altar of Vehumet.
 10808 | D:7      | Identified Kikubaaqudgha's Catalogue of Evil Magic
 10887 | D:7      | You fall through a shaft for 3 floors!
 10887 | D:10     | Entered Level 10 of the Dungeon
 10975 | D:10     | Reached skill level 1 in Throwing
 11069 | D:10     | Reached **** piety under Beogh
 11136 | D:10     | Reached XP level 10. HP: 73/90 MP: 13/13
 11150 | D:10     | Reached skill level 10 in Armour
 11520 | D:10     | Noticed a tengu warrior
 11520 | D:10     | Noticed a cyclops
 11520 | D:10     | Noticed a two-headed ogre
 11540 | D:10     | Reached skill level 5 in Invocations
 11546 | D:10     | Killed a tengu warrior
 11546 | D:10     | Reached skill level 10 in Axes
 11557 | D:10     | Killed a cyclops
 11611 | D:10     | Found a staircase to the Lair.
 11654 | D:9      | Noticed Prince Ribbit
 11731 | D:9      | Reached skill level 11 in Armour
 11777 | D:9      | Killed Prince Ribbit
 11851 | D:9      | Found Jaidegg's Jewellery Emporium.
 11889 | D:9      | Reached XP level 11. HP: 87/99 MP: 15/15
 11904 | D:9      | Found a sacrificial altar of Ru.
 12398 | D:8      | Found Warex's Magic Scroll Boutique.
 12406 | D:8      | Bought a scroll of fog for 26 gold pieces
 12406 | D:8      | Bought a scroll of enchant weapon for 97 gold pieces
 12629 | D:8      | Found a shimmering altar of Xom.
 12880 | D:8      | Gained Garbold as an ally
 13079 | D:8      | Noticed Grum
 13090 | D:8      | Killed Grum
 13090 | D:8      | Reached skill level 10 in Fighting
 13453 | D:8      | Found a white marble altar of Elyvilon.
 13693 | D:9      | Found a staircase to the Orcish Mines.
 14019 | D:9      | Got a crystal lajatang
 14027 | D:9      | Noticed a two-headed ogre
 14035 | D:9      | Killed a two-headed ogre
 14342 | D:10     | Found a portal to a secret trove of treasure.
 14393 | D:10     | Noticed Snorg
 14403 | D:10     | Killed Snorg
 14676 | D:10     | Reached skill level 12 in Armour
 15175 | D:10     | Noticed an unseen horror
 15186 | D:10     | Killed an unseen horror
 15458 | D:10     | Noticed an orc knight
 15470 | D:10     | Killed an orc knight
 16229 | D:11     | Your ally Garbold died
 16231 | D:11     | Noticed a tengu warrior
 16718 | D:10     | Killed a two-headed ogre
 17116 | Lair:1   | Entered Level 1 of the Lair of Beasts
 17142 | Lair:1   | Reached skill level 5 in Throwing
 17142 | Lair:1   | Reached XP level 12. HP: 95/108 MP: 18/18
 18416 | Lair:2   | Reached skill level 13 in Armour
 19352 | Lair:2   | Identified the +0 lajatang of Ravage {slice, rPois SInv} (You found it on level 9 of the Dungeon)
 19725 | Lair:3   | Gained Bladwarg as an ally
 19849 | Lair:3   | Found a hole to the Spider Nest.
 20686 | Lair:3   | Found the +8 whip "Snakebite" {curare, rPois}
 21124 | Lair:4   | Found a staircase to the Shoals.
 21289 | Lair:4   | Noticed rywalker's ghost (journeyman OgTm)
 21302 | Lair:4   | Killed rywalker's ghost
 21302 | Lair:4   | Reached XP level 13. HP: 67/117 MP: 20/20
 21328 | Lair:4   | Reached skill level 10 in Invocations
 21645 | Lair:4   | Found a transporter.
 22000 | Lair:4   | Found a shimmering altar of Xom.
 22044 | Lair:4   | Found a transporter.
 22261 | Lair:4   | Identified Byenu's Volume of Toxins and Summoning
 22278 | Lair:4   | Reached skill level 14 in Armour
 24917 | D:11     | Found a shadowy altar of Dithmenos.
 25356 | D:12     | Got a brightly glowing garnet amulet
 25357 | D:12     | Identified the amulet of Hukkepp {Reflect +Blink rN+ Dex+4 SH+5} (You found it on level 12 of the Dungeon)
 26491 | D:12     | Found a large runed door.
 26491 | D:12     | Found a large runed door.
 26976 | D:13     | Noticed Azrael
 27002 | D:13     | Your ally Bladwarg died
 27005 | D:13     | Killed Azrael
 27899 | D:13     | Reached skill level 15 in Armour
 27983 | D:13     | Found a gate to the Vaults.
 27983 | D:13     | Noticed a vault guard
 27983 | D:13     | Noticed a vault guard
 27983 | D:13     | Noticed a vault guard
 27983 | D:13     | Noticed a vault guard
 27984 | D:13     | Noticed a vault guard
 27985 | D:13     | Noticed a vault guard
 27985 | D:13     | Noticed a vault guard
 27985 | D:13     | Noticed a vault guard
 27989 | D:13     | Killed a vault guard
 27995 | D:13     | Killed a vault guard
 28003 | D:13     | Killed a vault guard
 28004 | D:13     | Killed a vault guard
 28008 | D:13     | Killed a vault guard
 28008 | D:13     | Killed a vault guard
 28008 | D:13     | Reached XP level 14. HP: 50/127 MP: 22/22
 29225 | D:14     | HP: 4/129 [large slime creature (6)]
 30880 | Lair:6   | Entered Level 6 of the Lair of Beasts
 30970 | Lair:6   | Reached skill level 16 in Armour
 30974 | Lair:6   | Gained Herok as an ally
 31170 | Lair:6   | Reached ***** piety under Beogh
 31230 | Lair:6   | Gained Berold as an ally
 32611 | Lair:6   | Identified Verraf's Tome of the Arsonist and Creation
 33157 | Lair:6   | Found a viscous altar of Jiyva.
 33157 | Lair:6   | Found a staircase to the Slime Pits.
 34014 | D:15     | Entered Level 15 of the Dungeon
 34059 | D:15     | Reached skill level 1 in Shields
 34062 | D:15     | Reached XP level 15. HP: 38/137 MP: 24/24
 34557 | D:15     | Gained Geork as an ally
 34568 | D:15     | Reached skill level 15 in Axes
 34704 | D:15     | Found a staircase to the Depths.
 35466 | Orc:1    | Entered Level 1 of the Orcish Mines
 35698 | Orc:1    | Gained Grimold as an ally
 35895 | Orc:1    | Found Keutys's Antique Weapon Emporium.
 36303 | Orc:2    | Entered Level 2 of the Orcish Mines
 36303 | Orc:2    | Found a runed door.
 36517 | Orc:2    | Found the +10 large shield of Ignorance {rN+ Int-4}
 36716 | Orc:2    | Lost intelligence.
 36720 | Orc:2    | Reached skill level 17 in Armour
 36726 | Orc:2    | Your ally Geork died
 36747 | Orc:2    | Your ally Grimold died
 37186 | Lair:1   | Gained mutation: Your body sometimes deteriorates upon taking damage. [potion of mutation]
 37186 | Lair:1   | Gained mutation: You have a pair of small horns on your head. [potion of mutation]
 37186 | Lair:1   | Gained mutation: Your flesh is cold resistant. (rC+) [potion of mutation]
 37753 | Lair:1   | Lost mutation: Your flesh is cold resistant. (rC+) [potion of mutation]
 37753 | Lair:1   | Lost mutation: You have a pair of small horns on your head. [potion of mutation]
 37753 | Lair:1   | Lost mutation: Your body sometimes deteriorates upon taking damage. [potion of mutation]
 37753 | Lair:1   | Gained mutation: Potions are less effective at restoring your health. [potion of mutation]
 37753 | Lair:1   | Gained mutation: You are robust. (+10% HP) [potion of mutation]
 37878 | Lair:1   | Lost mutation: You are robust. (+10% HP) [potion of mutation]
 37878 | Lair:1   | Lost mutation: Potions are less effective at restoring your health. [potion of mutation]
 37878 | Lair:1   | Gained mutation: Your muscles are strong. (Str +2) [potion of mutation]
 37878 | Lair:1   | Gained mutation: You have large cloven feet. [potion of mutation]
 38604 | Orc:2    | Found a staircase to the Elven Halls.
 38882 | Orc:2    | Your ally Herok died
 38886 | Orc:2    | Your ally Berold died
 38887 | Orc:2    | Killed from afar by an orc priest

Vault maps used:
D:1:      ncdulo_watergridlock, hangedman_abyss_or_decor_stabs
D:2:      makhleb_altar_promises_db, minmay_misc_feat_chi,
          grunt_ashenzari_visionary
D:3:      chequers_ecumenical_altar_grove
D:4:      old_standard_altar, trog_book
D:5:      minmay_temple_entry_water_ring, first_ration, serial_shops,
          kennysheep_mini, eino_tiny_chamber, grunt_ministairs_15,
          serial_bayou_pond_c
D:6:      tso_altar, overflow_temple_1_default, uniq_eustachio,
          uniq_blork_the_orc
D:7:      nemelex_xobeh_ov_fountains_minmay,
          grunt_temple_overflow_magic_moments, basic_altar, enter_bailey_2
D:8:      lemuel_coloured_pillars_altar, nicolae_overflow_crystal_walls,
          serial_shops, shop_fountains, uniq_grum
D:9:      lemuel_crystal_altar, zombieorc2_lemuel, serial_shops, shop,
          uniq_prince_ribbit1
D:10:     minmay_bloctagon, enter_trove_1, grunt_livestock, roderic_batcave,
          uniq_snorg
D:11:     nicolae_dithmenos_through_a_glass_darkly
D:12:     lightli_elemental_guards
D:13:     erik_vaults_2, uniq_azrael
D:14:     small_statue_intersection, hangedman_decor_riveting
D:15:     grunt_enter_depths_hoard, minmay_misc_feat_hallway
Lair:1:   serial_bayou_shore_b
Lair:2:   lemuel_fruit_fields
Lair:3:   minmay_guarded_unrand_snakebite, dummy_spider_entry,
          grunt_megastairs_4
Lair:4:   gammafunk_cloud_chamber, minmay_shoals_entry_centaurs, basic_altar,
          infiniplex_staircase_pool
Lair:5:   beast_lair_carwin_1, grunt_megastairs_5, lemuel_fruit_fields
Lair:6:   hangedman_lair_in_review, dpeg_slime_entry_enclosed_altar
Orc:1:    serial_shops, nicolae_shop_competitors_out_of_business
Orc:2:    st_orc_pillars, chequers_guarded_unrand_ignorance
Bailey:   bailey_axe_4, bailey

Skill      XL: |  1  2  3  4  5  6  7  8  9 10 11 12 13 14 15 |
---------------+----------------------------------------------+-----
Fighting       | 4 5 6 7 8 9 10 11 12 13 14 | 14.1
Stealth        | 2 |  2.0
Armour         | 1 2 3 4 6 8 9 11 12 13 15 16 17 | 17.1
Axes           | 5 6 7 8 9 10 11 12 13 14 15 | 15.1
Invocations    | 4 6 8 9 11 12 13 | 13.3
Throwing       | 1 3 5 6 |  6.6
Shields        | 1 3 |  3.2
Dodging        | |  2.6

Action                   |  1- 3 |  4- 6 |  7- 9 | 10-12 | 13-15 || total
-------------------------+-------+-------+-------+-------+-------++-------
Melee: Hand axe          |   119 |   287 |   158 |    28 |       ||   592
       War axe           |       |       |    84 |   521 |   667 ||  1272
       Glaive            |       |       |    49 |       |       ||    49
       Halberd           |       |       |       |       |    14 ||    14
Throw: Stone             |       |    19 |     8 |       |       ||    27
       Tomahawk          |       |       |    16 |    17 |       ||    33
       Javelin           |       |       |       |       |    12 ||    12
Invok: Convert to Beogh  |       |     1 |       |       |       ||     1
       Smiting           |       |       |     2 |    20 |    12 ||    34
       Recall Orcish Fol |       |       |       |     1 |    12 ||    13
Evoke: Wand              |       |       |       |     2 |    11 ||    13
  Use: Potion            |     1 |     4 |     3 |     1 |     5 ||    14
       Scroll            |       |    18 |     6 |    10 |    13 ||    47
 Stab: Sleeping          |     4 |       |       |       |       ||     4
       Petrified         |       |       |       |       |     7 ||     7
       Distracted        |       |       |       |       |     4 ||     4
       Petrifying        |       |       |       |       |     1 ||     1
  Eat: Ration            |     1 |     2 |     3 |     7 |    14 ||    27
       Chunk             |       |     8 |     4 |    17 |    11 ||    40
Armor: Robe              |    29 |     7 |       |       |       ||    36
       Ring mail         |       |    37 |       |       |       ||    37
       Scale mail        |       |    18 |   141 |   273 |   360 ||   792
       Skin              |       |       |       |    68 |       ||    68
Dodge: Dodged            |    83 |   154 |   160 |   251 |   280 ||   928
Block: Other             |       |       |       |       |    49 ||    49
       Shield            |       |       |       |       |   114 ||   114
       Reflection        |       |       |       |       |    15 ||    15

Table legend:
 A = Spawn XP
 B = Non-spawn XP
 C = Spawn XP percentage of total XP
 D = Spawn monster count
 E = Non-spawn monster count
 F = Spawn count percentage of total count
 G = Total turns spent on level
                    A         B        C        D         E        F      G
               +---------+---------+-------+---------+---------+-------+---------
         Total |       0 |  102878 |   0.0 |       0 |     687 |   0.0 | 38887
               +---------+---------+-------+---------+---------+-------+---------
           D:1 |       0 |      35 |   0.0 |       0 |      22 |   0.0 |  1490
           D:2 |       0 |      55 |   0.0 |       0 |      19 |   0.0 |   727
           D:3 |       0 |     220 |   0.0 |       0 |      32 |   0.0 |  2880
           D:4 |       0 |     198 |   0.0 |       0 |      10 |   0.0 |  1308
           D:5 |       0 |     317 |   0.0 |       0 |      18 |   0.0 |  1324
           D:6 |       0 |    1094 |   0.0 |       0 |      28 |   0.0 |  1684
           D:7 |       0 |     795 |   0.0 |       0 |      21 |   0.0 |   789
           D:8 |       0 |    1360 |   0.0 |       0 |      20 |   0.0 |  1195
           D:9 |       0 |    3221 |   0.0 |       0 |      55 |   0.0 |  1408
          D:10 |       0 |    9247 |   0.0 |       0 |      52 |   0.0 |  3588
          D:11 |       0 |    2206 |   0.0 |       0 |      17 |   0.0 |  1104
          D:12 |       0 |    4971 |   0.0 |       0 |      36 |   0.0 |  1701
          D:13 |       0 |   10856 |   0.0 |       0 |      27 |   0.0 |  1785
          D:14 |       0 |   11271 |   0.0 |       0 |      52 |   0.0 |  2443
          D:15 |       0 |   12591 |   0.0 |       0 |      41 |   0.0 |   958
        Lair:1 |       0 |    2095 |   0.0 |       0 |      10 |   0.0 |  1896
        Lair:2 |       0 |    3826 |   0.0 |       0 |      21 |   0.0 |  1615
        Lair:3 |       0 |    6911 |   0.0 |       0 |      33 |   0.0 |  1822
        Lair:4 |       0 |    3051 |   0.0 |       0 |      16 |   0.0 |  1506
        Lair:5 |       0 |    5274 |   0.0 |       0 |      28 |   0.0 |  1647
        Lair:6 |       0 |   14998 |   0.0 |       0 |      56 |   0.0 |  2532
         Orc:1 |       0 |    1288 |   0.0 |       0 |      13 |   0.0 |   989
         Orc:2 |       0 |    5757 |   0.0 |       0 |      33 |   0.0 |  1451
        Bailey |       0 |    1241 |   0.0 |       0 |      27 |   0.0 |  1045
               +---------+---------+-------+---------+---------+-------+---------
